 Dungeon Crawl Stone Soup version 0.22-a0-425-g89d60a1 (webtiles) character file.

1560 tilp the Chiller (level 8, -9/60 HPs)
             Began as a Merfolk Ice Elementalist on May 23, 2018.
             Mangled by Menkaure (16 damage)
             ... on level 6 of the Dungeon on May 24, 2018.
             The game lasted 00:27:49 (8905 turns).

tilp the Chiller (Merfolk Ice Elementalist)         Turns: 8905, Time: 00:27:50

Health: -9/60      AC: 10    Str:  8    XL:     8   Next: 89%
Magic:  7/11       EV: 15    Int: 17    God:
Gold:   384        SH:  0    Dex: 14    Spells: 5/11 levels left

rFire    . . .     SeeInvis .   r - +2 short sword (flame)
rCold    . . .     Gourm    .   (no shield)
rNeg     . . .     Faith    .   a - +0 robe
rPois    .         Spirit   .   h - +2 hat
rElec    .         Reflect  .   (no cloak)
rCorr    .         Harm     .   (no gloves)
MR       .....                  (no boots)
Stlth    +++.......             (no amulet)
HPRegen  0.20/turn              (no ring)
MPRegen  0.12/turn              (no ring)

@: icy armour
A: change form in water, swift swim, stealthy swim
a: no special abilities


You were on level 6 of the Dungeon.
You were hungry.

You visited 1 branch of the dungeon, and saw 6 of its levels.
You also visited: Ossuary.

You collected 384 gold pieces.

Inventory:

Hand Weapons
 g - a +0 hunting sling
 m - a +1 trident
 n - a +2 dagger of freezing
 r - a +2 short sword of flaming (weapon)
Missiles
 o - 17 sling bullets
 t - 2 tomahawks of returning (quivered)
 y - 7 tomahawks
Armour
 a - a +0 robe (worn)
 h - a +2 hat (worn)
 z - a +1 leather armour of fire resistance
Jewellery
 p - an uncursed ring of ice {unknown}
 s - a cursed ring of teleportation {unknown}
Wands
 b - a wand of enslavement (9)
 f - a wand of polymorph (19)
Scrolls
 d - a scroll of silence
 e - 2 scrolls of immolation
 i - 6 scrolls of remove curse
 q - a scroll of teleportation
 w - a scroll of identify
Potions
 j - a potion of flight
 k - 2 potions of magic
 l - 7 potions of curing
 u - a potion of brilliance
 v - a potion of haste
Comestibles
 c - 10 rations
 x - 3 chunks of flesh


   Skills:
 - Level 4.1 Fighting
 - Level 6.2 Dodging
 - Level 4.4 Stealth
 - Level 2.0 Spellcasting
 - Level 2.1 Conjurations
 - Level 3.0 Charms
 + Level 7.4 Ice Magic
 - Level 4.0 Evocations


You had 5 spell levels left.
You knew the following spells:

 Your Spells              Type           Power        Failure   Level  Hunger
a - Freeze                Ice            ####         1%          1    #......
b - Throw Frost           Conj/Ice       ###...       4%          2    ###....
c - Ozocubu's Armour      Chrm/Ice       ###.....     7%          3    ###....

Your spell library contained the following spells:

 Spells                   Type           Power        Failure   Level  Hunger
 Summon Ice Beast         Ice/Summ       ##......     38%         4    #####..
 Throw Icicle             Conj/Ice       ###.....     26%         4    #####..


Dungeon Overview and Level Annotations

Branches:
Dungeon (6/15)
 Temple: D:4-7

Altars:
Fedhas
Trog
Vehumet

Annotations:
D:3 CapnJeff's ghost, amateur OgFi
D:6 Menkaure


Message History

Confirm with . or Enter, or press ? or * to list all spells.
A film of ice covers your body!
Menkaure calls on the powers of darkness!
Your body is wracked with pain!
You hit Menkaure but do no damage. Menkaure completely misses you.
You hit Menkaure. You burn Menkaure.
Menkaure is lightly damaged.
Menkaure gestures wildly while chanting.
Menkaure seems to speed up.
You hit Menkaure but do no damage.
Menkaure is lightly damaged.
Menkaure hits you!
* * * LOW HITPOINT WARNING * * *
You hit Menkaure. You burn Menkaure.
Menkaure is moderately damaged.
Menkaure closely misses you.
You feel better. Menkaure hits you.
* * * LOW HITPOINT WARNING * * *
Menkaure hits you!
You die...

...# #...# #...#
######### #...##
###.#.....#
#...####...>#....#
#.......#...#...#
#M......########
#@.....## #.....##
### ##....##
..(#####.....#
#### ............#
#..# ##..........#
#..# ##.........#
#..# ##........#
#..# ##..†.....##
##.#


You could see Menkaure.

Vanquished Creatures
  An orc warrior (D:5)
  A phantom (D:6)
  A sky beast (D:6)
  An ogre (D:6)
  2 elf zombies (Ossuary)
  4 howler monkeys (D:4)
  2 centaur zombies (Ossuary)
  A bullfrog zombie (D:6)
  A bullfrog skeleton (D:6)
  2 orc priests (D:4)
  Terence (D:3)
  A jelly (D:5)
  4 orc wizards
  5 hounds
  A worker ant (D:4)
  3 big kobold zombies (Ossuary)
  5 hound zombies (Ossuary)
  3 mummies (Ossuary)
  A howler monkey skeleton (D:4)
  5 adders
  A shadow imp (D:6)
  3 oozes
  An adder zombie (Ossuary)
  3 worms
  2 dart slugs
  4 leopard geckos
  21 orcs
  7 giant cockroaches
  12 goblins
  7 hobgoblins
  3 jackals (D:3)
  7 quokkas
  A ball python (D:3)
  7 bats
  3 frilled lizards (D:1)
  A gnoll zombie (Ossuary)
  A goblin zombie (Ossuary)
  4 hobgoblin zombies (Ossuary)
  A jackal skeleton (D:5)
  4 jackal zombies (Ossuary)
  10 kobolds
  2 kobold zombies (Ossuary)
  3 orc zombies (Ossuary)
  A quokka skeleton (D:4)
  4 quokka zombies (Ossuary)
  6 rats
  5 rat zombies (Ossuary)
169 creatures vanquished.

Vanquished Creatures (others)
  A wizard (D:4)
1 creature vanquished.

Grand Total: 170 creatures vanquished

Notes
Turn   | Place    | Note
-------+----------+-------------------------------------------
     0 | D:1      | tilp the Merfolk Ice Elementalist began the quest for the Orb.
     0 | D:1      | Reached XP level 1. HP: 13/13 MP: 3/3
   423 | D:1      | Reached XP level 2. HP: 15/19 MP: 1/5
   430 | D:1      | Learned a level 2 spell: Throw Frost
   450 | D:1      | Reached skill level 4 in Ice Magic
  1117 | D:1      | Reached XP level 3. HP: 22/24 MP: 0/6
  1133 | D:1      | Learned a level 3 spell: Ozocubu's Armour
  1840 | D:2      | Reached skill level 5 in Ice Magic
  1844 | D:2      | Upgraded the game from 0.22-a0-423-g4197694 to 0.22-a0-425-g89d60a1
  1893 | D:2      | Reached XP level 4. HP: 30/30 MP: 3/7
  2959 | D:2      | Reached skill level 6 in Ice Magic
  3304 | D:3      | Noticed CapnJeff's ghost (amateur OgFi)
  3362 | D:3      | Reached XP level 5. HP: 24/35 MP: 4/8
  3505 | D:3      | Noticed Terence
  3596 | D:3      | Killed Terence
  3713 | D:3      | Reached skill level 7 in Ice Magic
  3739 | D:3      | Reached skill level 1 in Fighting
  3739 | D:3      | Reached XP level 6. HP: 39/43 MP: 0/9
  5656 | D:4      | Reached XP level 7. HP: 17/54 MP: 6/10
  6151 | D:4      | Found a bloodstained altar of Trog.
  6152 | D:4      | Noticed a wizard
  6157 | D:4      | Killed a wizard
  6348 | D:4      | Reached skill level 5 in Dodging
  6475 | D:4      | Found a bloodstained altar of Trog.
  6630 | D:5      | Entered Level 5 of the Dungeon
  6653 | D:5      | Found a sand-covered staircase.
  6684 | Ossuary  | Entered an ossuary
  6961 | Ossuary  | Reached skill level 1 in Charms
  7300 | Ossuary  | Reached XP level 8. HP: 48/60 MP: 8/11
  8087 | D:5      | Reached skill level 1 in Evocations
  8176 | D:5      | Found a blossoming altar of Fedhas.
  8301 | D:5      | Found a radiant altar of Vehumet.
  8697 | D:6      | Reached skill level 1 in Conjurations
  8890 | D:6      | Noticed Menkaure
  8903 | D:6      | HP: 1/60 [Menkaure (17)]
  8905 | D:6      | Mangled by Menkaure

Vault maps used:
D:1:      minmay_arrival_four_loops, minmay_misc_feat_room
D:2:      guppyfry_early_lair_pool
D:3:      uniq_terence
D:4:      lightli_temple_of_fire, minmay_misc_feat_cross, trog_wizard
D:5:      old_standard_altar, first_ration, enter_ossuary_5, basic_altar,
          kennysheep_nondescript
D:6:      gup_sewer_entry_spiral, uniq_menkaure
Ossuary:  minmay_ossuary_two_tombs

Skill      XL: |  1  2  3  4  5  6  7  8 |
---------------+-------------------------+-----
Ice Magic      | 4 5 6 7 |  7.4
Fighting       | 1 4 |  4.1
Dodging        | 3 6 |  6.2
Charms         | 3 |  3.0
Stealth        | 4 |  4.4
Evocations     | 4 |  4.0
Conjurations   | 2 |  2.1
Spellcasting   | |  2.0

Action                   |  1- 3 |  4- 6 |  7- 9 || total
-------------------------+-------+-------+-------++-------
Melee: Dagger            |    41 |    40 |       ||    81
       Short sword       |       |    55 |   360 ||   415
Throw: Stone             |    10 |     5 |       ||    15
       Tomahawk          |       |     2 |     2 ||     4
 Cast: Freeze            |    38 |    65 |    35 ||   138
       Throw Frost       |     3 |    15 |     1 ||    19
       Ozocubu's Armour  |     1 |     8 |    24 ||    33
Evoke: Wand              |       |       |     3 ||     3
  Use: Scroll            |     3 |     2 |    10 ||    15
       Potion            |       |       |     1 ||     1
 Stab: Sleeping          |     3 |     6 |     7 ||    16
  Eat: Chunk             |     4 |    11 |     8 ||    23
       Ration            |       |     1 |     2 ||     3
Armor: Robe              |    11 |    30 |    70 ||   111
Dodge: Dodged            |    43 |    90 |   255 ||   388

Table legend:
 A = Spawn XP
 B = Non-spawn XP
 C = Spawn XP percentage of total XP
 D = Spawn monster count
 E = Non-spawn monster count
 F = Spawn count percentage of total count
 G = Total turns spent on level
                    A         B        C        D         E        F      G
               +---------+---------+-------+---------+---------+-------+---------
         Total |       0 |    2229 |   0.0 |       0 |     169 |   0.0 |  8905
               +---------+---------+-------+---------+---------+-------+---------
           D:1 |       0 |      49 |   0.0 |       0 |      27 |   0.0 |  1621
           D:2 |       0 |     111 |   0.0 |       0 |      30 |   0.0 |  1785
           D:3 |       0 |     217 |   0.0 |       0 |      25 |   0.0 |  1614
           D:4 |       0 |     541 |   0.0 |       0 |      21 |   0.0 |  1610
           D:5 |       0 |     242 |   0.0 |       0 |      14 |   0.0 |   629
           D:6 |       0 |     517 |   0.0 |       0 |      12 |   0.0 |   373
       Ossuary |       0 |     552 |   0.0 |       0 |      40 |   0.0 |  1273
               +---------+---------+-------+---------+---------+-------+---------
